 Dungeon Crawl Stone Soup version 0.27.1-1-g398f81649c (webtiles) character file.

Game seed: 754112796630497561

93 nxtlvl the Ducker (level 4, 0/38 HPs)
             Began as a Minotaur Necromancer on Sept 10, 2021.
             Slain by a jackal (2 damage)
             ... on level 4 of the Dungeon.
             The game lasted 00:05:16 (844 turns).

nxtlvl the Ducker (Minotaur Necromancer)             Turns: 844, Time: 00:05:17

Health: 0/38       AC:  3    Str: 13    XL:     4   Next: 36%
Magic:  5/5        EV: 11    Int: 12    God:
Gold:   115        SH:  3    Dex: 11    Spells: 4/5 levels left

rFire    . . .     SeeInvis .   a - +0 spear
rCold    . . .     Faith    .   j - +0 buckler
rNeg     . . .     Spirit   .   m - +0 leather armour
rPois    .         Reflect  .   (helmet restricted)
rElec    .         Harm     .   (no cloak)
rCorr    .         Rampage  .   (no gloves)
Will     .....                  (no boots)
Stlth    +.........             (no amulet)
HPRegen  0.12/turn              (no ring)
MPRegen  0.09/turn              (no ring)

@: no status effects
A: horns 2, retaliatory headbutt
a: no special abilities


You were on level 4 of the Dungeon.
You visited 1 branch of the dungeon, and saw 4 of its levels.

You collected 115 gold pieces.

Inventory:

Hand Weapons
 a - a +0 spear (weapon)
Missiles
 e - 68 arrows
 f - 7 javelins (quivered)
Armour
 h - a +0 robe
 j - a +0 buckler (worn)
 m - a +0 leather armour (worn)
Scrolls
 b - 2 scrolls of noise {unknown}
 i - 2 scrolls of fear {unknown}
 l - a scroll of holy word {unknown}
 n - a scroll of identify {unknown}
Potions
 c - a potion of brilliance {unknown}
 d - 2 potions of flight {unknown}
 g - 2 potions of curing {unknown}
 k - a potion of attraction {unknown}
 o - a potion of degeneration {unknown}


   Skills:
 + Level 3.3 Fighting
 + Level 3.9 Dodging
 - Level 1.5 Stealth
 - Level 1.3 Spellcasting
 - Level 2.9 Necromancy


You had 4 spell levels left.
You knew the following spells:

 Your Spells              Type           Power      Damage    Failure   Level
a - Pain                  Necr           28%        1d5       19%         1

Your spell library contained the following spells:

 Spells                   Type           Power      Damage    Failure   Level
 Animate Skeleton         Necr           14%        N/A       19%         1
 Vampiric Draining        Necr           3%         2d6       50%         3
 Static Discharge         Conj/Air       0%         N/A       67%         2
 Animate Dead             Necr           3%         N/A       88%         4
 Dispel Undead            Necr           7%         3d8       88%         4
 Sticky Flame             Conj/Fire      0%         2d3       99%         4
 Agony                    Necr           7%         N/A       99%         5


Dungeon Overview and Level Annotations

Branches:
Dungeon (4/15)
 Temple: D:4-7

Altars:
Gozag

Annotations:
D:4 Grinder


Innate Abilities, Weirdness & Mutations

You have a pair of horns on your head.
You reflexively headbutt those who attack you in melee.


Message History

The jackal bites you but does no damage.
You hit the jackal but do no damage.
A jackal comes into view.
The jackal bites you but does no damage.
You closely miss the jackal.
The jackal bites you but does no damage.
The jackal bites you.
You closely miss the jackal. The jackal barely misses you.
The jackal closely misses you.
You closely miss the jackal. The jackal barely misses you.
You closely miss the jackal. The jackal bites you. x2
You hit the jackal but do no damage. The jackal bites you.
* * * LOW HITPOINT WARNING * * *
The jackal bites you but does no damage.
You barely miss the jackal. The jackal bites you.
* * * LOW HITPOINT WARNING * * *
You closely miss the jackal. The jackal bites you.
* * * LOW HITPOINT WARNING * * *
The jackal closely misses you.
You closely miss the jackal.
The jackal bites you but does no damage.
You hit the jackal.
The jackal is lightly wounded.
The jackal completely misses you. The jackal closely misses you.
You hit the jackal but do no damage.
The jackal is lightly wounded.
The jackal bites you but does no damage.
The jackal closely misses you. You furiously retaliate!
You headbutt the jackal. You hit the jackal.
You kill the jackal!
The jackal bites you but does no damage.
You hit the jackal but do no damage.
The jackal bites you but does no damage.
The jackal bites you.
* * * LOW HITPOINT WARNING * * *
You closely miss the jackal. The jackal bites you.
* * * LOW HITPOINT WARNING * * *
You barely miss the jackal. The jackal bites you.
You die...

....# ......#
#.### ......#
#.# ..(..# ..#
.....# ..# #
###...# #.#
####.##.?...#
.#
......hh....#
#.#
###.##h###.#
..#
#####.##@###.#
..###
......)......#
.....
......##.#####
..#.# #####
#.# .##.# #.#
# #.# #.# #
#.# #.#
###.##### #.#
.....>..# #.#


You could see 3 jackals.

Vanquished Creatures
  A hound (D:4)
  Jessica (D:3)
  An adder (D:4)
  An adder skeleton (D:4)
  6 ball pythons
  3 endoplasms
  3 hobgoblins
  A jackal (D:4)
  A quokka (D:3)
  A bat (D:2)
  5 frilled lizards
  A goblin (D:2)
  2 kobolds
  2 rats
29 creatures vanquished.

Vanquished Creatures (others)
  7 plants (D:3)
  10 withered plants (D:3)
17 creatures vanquished.

Grand Total: 46 creatures vanquished

Notes
Turn   | Place    | Note
-------+----------+-------------------------------------------
     0 | D:1      | nxtlvl the Minotaur Necromancer began the quest for the
                  | Orb.
     0 | D:1      | Reached XP level 1. HP: 14/14 MP: 1/1
   144 | D:2      | Reached skill level 1 in Fighting
   319 | D:2      | Reached XP level 2. HP: 10/23 MP: 3/3
   411 | D:3      | Noticed Jessica
   414 | D:3      | Found an opulent altar of Gozag.
   581 | D:4      | Reached XP level 3. HP: 13/29 MP: 4/4
   587 | D:4      | Noticed Grinder
   615 | D:3      | Killed Jessica
   714 | D:3      | Found a faded altar of an unknown god.
   777 | D:4      | Reached XP level 4. HP: 11/38 MP: 5/5
   844 | D:4      | Slain by a jackal

Illustrated notes

Levels and vault maps discovered:
D:1:      dpeg_arrival_water_fire, layout_basic
D:2:      layout_loops_ring, feat_on_display
D:3:      layout_rooms, nicolae_gozag_cash_rules_everything_around_me,
          shapermc_ecumenical_altar_flowoftime, st_stairs_10, uniq_jessica
D:4:      layout_loops_ring, uniq_grinder

Skill      XL: |  1  2  3 |
---------------+----------+-----
Fighting       | 1 2 3 |  3.3
Dodging        | 3 |  3.9
Stealth        | |  1.5
Spellcasting   | |  1.3
Necromancy     | |  2.9

Action                   |  1- 3 |  4- 6 || total
-------------------------+-------+-------++-------
Melee: Unarmed           |    21 |       ||    21
       Spear             |    62 |    17 ||    79
       Headbutt          |     7 |       ||     7
Throw: Javelin           |     2 |       ||     2
 Stab: Sleeping          |     1 |       ||     1
Armor: Robe              |     4 |       ||     4
       Leather armour    |     9 |     8 ||    17
Dodge: Dodged            |    43 |    10 ||    53
Block: Buckler           |     7 |       ||     7
